 Dungeon Crawl Stone Soup version 0.15.2 (webtiles) character file.

20286 ProjectEKO the Conjurer (level 12, -1/94 HPs)
             Began as a White Draconian Conjurer on Feb 23, 2015.
             Was a High Priest of Vehumet.
             Slain by a five-headed hydra (11 damage)
             ... on Level 5 of the Lair of Beasts.
             The game lasted 00:59:19 (20862 turns).

ProjectEKO the Conjurer (White Draconian Conjurer) Turns: 20862, Time: 00:59:20

HP  -1/94        AC 11     Str 12      XL: 12   Next: 44%
MP  19/29        EV 16     Int 20      God: Vehumet [*****.]
Gold 689         SH  0     Dex 11      Spells:  3 memorised, 19 levels left

rFire  . . .     SeeInvis .     u - +2 whip (venom)
rCold  + + .     Clarity  .     (armour unavailable)
rNeg   . . .     rCorr    .     (no shield)
rPois  .         rRot     .     (helmet restricted)
rElec  .         Spirit   .     (no cloak)
SustAb .         Warding  .     (no gloves)
rMut   .         Stasis   .     n - +2 pair of boots {+Jump}
Gourm  .                        (no amulet)
MR     .....                    B - +4 ring of evasion
                                E - ring of protection from cold

@: short of breath, not resistant to hostile enchantments, unstealthy
A: breathe frost, unfitting armour, cold resistance 1, cold-blooded, AC +8
a: Breathe Frost, Renounce Religion, Evoke Jump Attack


You were on level 5 of the Lair of Beasts.
You worshipped Vehumet.
Vehumet was extremely pleased with you.
You were hungry.

You visited 3 branches of the dungeon, and saw 16 of its levels.
You also visited: Ice Cave.

You collected 689 gold pieces.


Innate Abilities, Weirdness & Mutations

You can breathe waves of freezing cold.
You can buffet flying creatures when you breathe cold.
Your icy white scales are hard (AC +8).
Your body does not fit into most forms of armour.
Your flesh is cold resistant.
Your cold-blooded metabolism reacts poorly to cold.


   Skills:
 - Level 5.0 Fighting
 - Level 2.5 Dodging
 - Level 2.5 Stealth
 + Level 8.7 Spellcasting
 + Level 14.1 Conjurations
 - Level 5.2 Charms
   Level 10.1 Ice Magic
 - Level 4.1 Air Magic


You had 19 spell levels left.
You knew the following spells:

 Your Spells              Type           Power        Failure   Level  Hunger
c - Mephitic Cloud        Conj/Pois/Air  ####....     1%          3    None
z - Magic Dart            Conj           ####         1%          1    None
Z - Iskenderun's Battles  Conj/Chrm      #####...     1%          5    ####...

Inventory:

Hand weapons
 a - a +4 long sword of holy wrath
 u - a +2 whip of venom (weapon)
 w - the +3 mace of the Saviour {crush, *Rage rF+ rN+ SInv}
   (You found it on level 9 of the Dungeon)

   It inflicts extra damage upon your enemies.
   It protects you from fire.
   It protects you from negative energy.
   It enhances your eyesight.
   It may make you go berserk in combat.
Armour
 n - a +2 pair of boots of jumping (worn)
Magical devices
 h - a wand of flame (0)
 A - a wand of draining (0)
Comestibles
 b - 10 bread rations
Scrolls
 c - 3 scrolls of remove curse
 d - a scroll of recharging
 e - 3 scrolls of teleportation
 g - a scroll of fog
 k - a scroll of magic mapping
 m - 7 scrolls of identify
 q - 2 scrolls of enchant weapon
 r - a scroll of silence
Jewellery
 j - a cursed ring of teleportation
 B - a +4 ring of evasion (right hand)
 E - a ring of protection from cold (left hand)
Potions
 f - a potion of haste
 i - 3 potions of restore abilities
 l - a potion of heal wounds
 p - a potion of degeneration {unknown}
 J - a potion of resistance
Magical staves
 o - an uncursed staff of energy {!a}

Dungeon Overview and Level Annotations

Branches:
Dungeon (10/15)            Temple (1/1) D:6            Lair (5/8) D:8
    Orc: D:9-12       Swamp: Lair:3-6    Shoals: Lair:3-6     Snake: Lair:3-6
 Spider: Lair:3-6

Altars:
Ashenzari
Cheibriados
Dithmenos
Elyvilon
Fedhas
Kikubaaqudgha
Makhleb
Nemelex Xobeh
Okawaru
Qazlal
Sif Muna
Trog
Vehumet
Xom
Yredelemnul
Zin
The Shining One

Shops:
D:7 (

Annotations:
D:4 SecretMage's ghost, average DsAK
D:5 Ljcope's ghost, experienced TrMo

▒▒ ▒▒▒▒▒▒▒▒·▒
▒*▒·▒▒··▒▒
▒▒··>·····▒
▒·d······▒▒
▒▒▒▒D·······▒▒
▒·····▒··▒···▒
▒············▒
▒··P··▒·▒·▒·▒·▒
·········▒▒▒·······▒
▒
··<·····▒····▒····▒
·····▒▒·▒▒·<··(···▒▒
···▒▒ ▒▒▒·▒▒▒······▒


You could see a five-headed hydra.


Message History

* * * LOW HITPOINT WARNING * * *
The five-headed hydra bites you but does no damage.
The five-headed hydra bites you!
* * * LOW HITPOINT WARNING * * *
Aiming: Magic Dart
Aim: a five-headed hydra (severely wounded)
The magic dart hits the five-headed hydra.
The five-headed hydra is severely wounded.
Your battlesphere fires!
The barrage of energy hits the five-headed hydra.
The five-headed hydra is severely wounded.
The five-headed hydra bites you!
* * * LOW HITPOINT WARNING * * *
The five-headed hydra bites you!
* * * LOW HITPOINT WARNING * * *
The five-headed hydra bites you.
* * * LOW HITPOINT WARNING * * *
The five-headed hydra closely misses you.
The five-headed hydra barely misses you.
Aiming: Magic Dart
Aim: a five-headed hydra (severely wounded)
The magic dart hits the five-headed hydra.
The five-headed hydra is almost dead.
Your battlesphere fires!
The barrage of energy hits the five-headed hydra.
The five-headed hydra is almost dead.
The five-headed hydra closely misses you.
The five-headed hydra barely misses you.
The five-headed hydra bites you!
You die...

Action                   |  1- 3 |  4- 6 |  7- 9 | 10-12 || total
-------------------------+-------+-------+-------+-------++-------
Melee: Dagger            |     8 |       |       |       ||     8
       Short sword       |    32 |    21 |       |       ||    53
       Staff             |       |     7 |       |     6 ||    13
       Whip              |       |       |   171 |   119 ||   290
       Mace              |       |       |       |    10 ||    10
 Cast: Magic Dart        |    83 |   211 |   357 |   542 ||  1193
       Iskenderun's Batt |       |       |    28 |   111 ||   139
       Mephitic Cloud    |       |       |     1 |    46 ||    47
       Freeze            |       |       |       |     2 ||     2
 Abil: Breathe Fire      |     4 |    13 |    11 |       ||    28
       Evoke Jump Attack |       |     4 |     2 |       ||     6
       Breathe Frost     |       |       |     7 |    21 ||    28
Evoke: Staff of energy   |       |     6 |     1 |     6 ||    13
       Wand              |       |       |    16 |    13 ||    29
  Use: Potion            |     4 |     1 |     4 |    13 ||    22
       Scroll            |     5 |     3 |     9 |    10 ||    27
 Stab: Sleeping          |       |       |     1 |       ||     1
       Confused          |       |       |       |     4 ||     4
  Eat: Chunk             |     4 |    14 |    22 |    21 ||    61
       Fruit             |       |       |     2 |     4 ||     6
       Pizza             |       |       |     3 |     4 ||     7
       Beef jerky        |       |       |     4 |     1 ||     5
       Meat ration       |       |       |       |     3 ||     3
       Bread ration      |       |       |       |     1 ||     1

Vault maps used:
D:1:      dpeg_arrival_renting, hangedman_abyss_or_decor_lesser_grid
D:2:      grunt_dithmenos_smoke
D:3:      uniq_jessica
D:4:      corexii_item_surrounded_by_moat
D:5:      first_bread, kennysheep_generic_room_13
D:6:      temple_statues, minivault_23
D:7:      lemuel_crystal_altar, lemuel_mausoleum_altar_yredelemnul,
          serial_shops, shop, grunt_livestock, grunt_ministairs_11,
          cheibrodos_ashenzari_chains
D:8:      nicolae_tso_besieged_by_evil, beetle_altar_1, lair_0_dummy
D:10:     zombieorc2_lemuel, enter_trove_3
Temple:   chambers_temple_12
Lair:3:   basic_altar, portal_ice_cave_entry_pillars_03, zaba_antful_of_joy
Lair:4:   grunt_megastairs_3
Lair:5:   minmay_shoals_entry_centaurs
IceCv:    ice_cave_tombish

Notes
Turn   | Place    | Note
--------------------------------------------------------------
     0 | D:1      | ProjectEKO, the Draconian Conjurer, began the quest for the Orb.
     0 | D:1      | Reached XP level 1. HP: 14/14 MP: 3/3
   247 | D:1      | Reached skill level 2 in Stealth
   247 | D:1      | Reached XP level 2. HP: 14/20 MP: 0/4
   409 | D:1      | Reached skill level 2 in Dodging
   795 | D:1      | Gained mutation: Your mind is acute. (Int +2) [potion of mutation]
   795 | D:1      | Gained mutation: You can breathe flames. [potion of mutation]
   795 | D:1      | Gained mutation: You heal slowly when monsters are visible. [potion of mutation]
  1082 | D:1      | Reached XP level 3. HP: 26/26 MP: 3/6
  1425 | D:2      | Found a shadowy altar of Dithmenos.
  1765 | D:2      | Reached XP level 4. HP: 33/33 MP: 6/8
  2716 | D:3      | Reached skill level 5 in Conjurations
  3006 | D:3      | Reached XP level 5. HP: 38/38 MP: 4/9
  3019 | D:3      | Learned a level 5 spell: Iskenderun's Battlesphere
  3381 | D:3      | Noticed Jessica
  3391 | D:3      | Killed Jessica
  3391 | D:3      | Reached skill level 1 in Charms
  3976 | D:4      | Reached XP level 6. HP: 40/45 MP: 3/11
  3985 | D:4      | Reached skill level 6 in Conjurations
  4137 | D:4      | Noticed SecretMage's ghost (average DsAK)
  4276 | D:4      | Reached skill level 2 in Charms
  4597 | D:5      | Entered Level 5 of the Dungeon
  4892 | D:5      | Noticed Ljcope's ghost (experienced TrMo)
  5092 | D:5      | Reached skill level 3 in Charms
  5106 | D:5      | Your scales start taking on an icy white colour.
  5106 | D:5      | Gained mutation: Your flesh is cold resistant. [draconian maturity]
  5106 | D:5      | Reached XP level 7. HP: 44/50 MP: 0/13
  5510 | D:5      | Reached skill level 7 in Conjurations
  6055 | D:6      | Reached skill level 4 in Charms
  6612 | D:6      | Found a staircase to the Ecumenical Temple.
  6717 | Temple   | Entered the Ecumenical Temple
  6832 | Temple   | Became a worshipper of Vehumet
  7190 | D:6      | Paralysed by an orc priest for 6 turns
  7192 | D:6      | Reached XP level 8. HP: 51/57 MP: 7/14
  7776 | D:6      | Reached skill level 5 in Charms
  7790 | D:6      | Reached skill level 8 in Conjurations
  7791 | D:6      | Acquired Vehumet's first power
  7791 | D:6      | Offered knowledge of Freeze by Vehumet.
  7963 | D:6      | Learned a level 1 spell: Freeze
  8214 | D:7      | Reached skill level 1 in Ice Magic
  8319 | D:7      | Found Bruarepe's Weapon Shoppe.
  8348 | D:7      | Reached skill level 2 in Ice Magic
  8503 | D:7      | Found a burning altar of Makhleb.
  8710 | D:7      | Reached skill level 3 in Ice Magic
  8787 | D:7      | Reached skill level 4 in Ice Magic
  9110 | D:7      | Reached skill level 9 in Conjurations
  9293 | D:7      | Found a shattered altar of Ashenzari.
  9384 | D:7      | Offered knowledge of Sandblast by Vehumet.
  9634 | D:7      | Reached skill level 5 in Ice Magic
  9634 | D:7      | Reached XP level 9. HP: 51/62 MP: 0/16
 10037 | D:7      | Reached skill level 6 in Ice Magic
 10343 | D:7      | Found a basalt altar of Yredelemnul.
 10360 | D:7      | Reached skill level 10 in Conjurations
 10405 | D:7      | Reached skill level 7 in Ice Magic
 10643 | D:8      | Offered knowledge of Throw Frost by Vehumet.
 10782 | D:8      | Found a glowing golden altar of the Shining One.
 10841 | D:8      | Acquired Vehumet's second power
 10945 | D:8      | Reached skill level 8 in Ice Magic
 10956 | D:8      | Found a snail-covered altar of Cheibriados.
 11065 | D:8      | Found a staircase to the Lair.
 11548 | D:8      | Offered knowledge of Mephitic Cloud by Vehumet.
 11621 | D:8      | Learned a level 3 spell: Mephitic Cloud
 11751 | D:8      | Reached XP level 10. HP: 69/69 MP: 7/17
 11757 | D:8      | Reached skill level 1 in Air Magic
 11911 | D:9      | Got a brightly glowing mace
 11912 | D:9      | Identified the cursed +3 mace of the Saviour {crush, *Rage rF+ rN+ SInv} (You found it on level 9 of the Dungeon)
 11940 | D:9      | Lost mutation: Your mind is acute. (Int +2) [potion of cure mutation]
 11940 | D:9      | Lost mutation: You can breathe flames. [potion of cure mutation]
 11940 | D:9      | Lost mutation: You heal slowly when monsters are visible. [potion of cure mutation]
 11955 | D:9      | Reached skill level 11 in Conjurations
 11955 | D:9      | Reached skill level 9 in Ice Magic
 12401 | D:9      | Reached skill level 2 in Air Magic
 12761 | D:10     | Entered Level 10 of the Dungeon
 12833 | D:10     | Noticed a hill giant
 12845 | D:10     | Killed a hill giant
 12959 | D:10     | Acquired Vehumet's third power
 13238 | Lair:1   | Entered Level 1 of the Lair of Beasts
 13292 | Lair:1   | Reached skill level 3 in Air Magic
 13736 | Lair:1   | Reached skill level 4 in Air Magic
 13799 | Lair:1   | Reached skill level 10 in Ice Magic
 13839 | Lair:1   | Offered knowledge of Lightning Bolt by Vehumet.
 14062 | Lair:1   | Reached skill level 1 in Fighting
 14062 | Lair:1   | Reached skill level 3 in Spellcasting
 14334 | Lair:2   | Reached skill level 2 in Fighting
 14587 | Lair:2   | Reached XP level 11. HP: 70/81 MP: 15/21
 14609 | Lair:2   | Reached skill level 4 in Spellcasting
 14609 | Lair:2   | Reached skill level 12 in Conjurations
 14626 | Lair:2   | Reached skill level 3 in Fighting
 15201 | Lair:3   | Found a shimmering altar of Xom.
 15331 | Lair:3   | Found a frozen archway.
 15339 | IceCv    | Entered an ice cave
 15439 | IceCv    | Reached skill level 4 in Fighting
 15483 | IceCv    | Noticed an ice statue
 15483 | IceCv    | Noticed an ice statue
 15687 | IceCv    | Killed an ice statue
 15747 | IceCv    | Killed an ice statue
 15872 | IceCv    | Noticed an ice devil
 15922 | IceCv    | Noticed an ice statue
 15942 | IceCv    | HP: 4/85 [blue devil (18)]
 15943 | IceCv    | Reached skill level 5 in Spellcasting
 16022 | IceCv    | HP: 6/85 [blue devil (16)]
 16280 | IceCv    | Reached skill level 5 in Fighting
 16766 | IceCv    | Killed an ice devil
 17244 | IceCv    | Killed an ice statue
 17244 | IceCv    | Reached skill level 6 in Spellcasting
 17327 | IceCv    | Noticed a necromancer
 17331 | IceCv    | Killed a necromancer
 17813 | Lair:3   | Offered knowledge of Fireball by Vehumet.
 17813 | Lair:3   | Reached skill level 13 in Conjurations
 18673 | Lair:4   | Reached skill level 7 in Spellcasting
 19023 | Lair:4   | Reached XP level 12. HP: 78/94 MP: 19/27
 19693 | Lair:4   | Reached skill level 8 in Spellcasting
 20022 | Lair:4   | Noticed a death yak
 20024 | Lair:4   | Noticed a death yak
 20030 | Lair:4   | Noticed a death yak
 20032 | Lair:4   | Noticed a death yak
 20281 | Lair:4   | Killed a death yak
 20451 | Lair:4   | Reached skill level 14 in Conjurations
 20613 | Lair:4   | Killed a death yak
 20849 | Lair:5   | Noticed a five-headed hydra
 20861 | Lair:5   | HP: 9/94 [five-headed hydra (2)]
 20862 | Lair:5   | Slain by a five-headed hydra

Vanquished Creatures
  2 death yaks (Lair:4)
  An ice devil (IceCv)
  3 ice statues (IceCv)
  A hill giant (D:10)
  A necromancer (IceCv)
  A queen ant (Lair:3)
  A fire drake (Lair:2)
  3 spiny frogs (Lair:4)
  2 komodo dragons (Lair:4)
  7 blue devils (IceCv)
  A two-headed ogre (D:8)
  9 blink frogs
  4 basilisks
  A wraith (D:7)
  15 yaks
  A human (D:7)
  A wyvern (D:9)
  4 hippogriffs
  3 wolves (Lair:4)
  4 soldier ants (Lair:3)
  5 porcupines
  A sky beast (D:8)
  3 necrophages
  7 ice beasts (IceCv)
  2 ogres
  4 water moccasins
  A boring beetle (Lair:3)
  8 crocodiles
  3 centaurs
  9 giant frogs
  A gnoll sergeant (D:9)
  2 scorpions
  6 wights (D:7)
  2 crimson imps
  4 quasits
  5 human zombies (D:7)
  6 goliath beetles
  3 draconian simulacra (IceCv)
  4 jellies
  6 orc priests
  A black bear zombie (D:8)
  7 hounds
  2 human skeletons (D:7)
  A giant frog skeleton (D:7)
  9 orc wizards
  6 iguanas
  33 worker ants
  9 sheep
  2 spriggan simulacra (IceCv)
  Jessica (D:3)
  An ogre zombie (D:10)
  A sky beast zombie (D:8)
  2 centaur simulacra (IceCv)
  A mummy (D:7)
  A worker ant zombie (D:5)
  A scorpion zombie (D:7)
  10 gnolls
  2 naga simulacra (IceCv)
  An ogre simulacrum (IceCv)
  2 shadow imps
  12 adders
  A giant mite (D:3)
  14 green rats
  6 worms
  6 orc zombies
  An iguana skeleton (D:7)
  8 giant geckos
  2 oozes
  35 orcs
  3 giant cockroaches
  12 goblins
  14 hobgoblins
  20 jackals
  9 quokkas
  A ball python (D:3)
  10 bats
  2 giant newts
  A goblin skeleton (D:8)
  2 hobgoblin skeletons
  4 hobgoblin zombies
  14 kobolds
  2 kobold skeletons
  3 kobold zombies (D:8)
  3 orc skeletons
  12 rats
  3 rat skeletons
  A fungus (Lair:4)
441 creatures vanquished.

Vanquished Creatures (collateral kills)
  2 worker ants (Lair:3)
2 creatures vanquished.

Grand Total: 443 creatures vanquished
